[Event "EWIBCC 2019"]
[Site "Monte-Carlo"]
[Date "2019.11.29"]
[Round "10.7"]
[White "Buksa, Nataliya"]
[Black "Paehtz, Elisabeth"]
[Result "1/2-1/2"]
[ECO "B51"]
[WhiteElo "2410"]
[BlackElo "2484"]
[Annotator "RC"]
[PlyCount "143"]
[EventDate "2019.11.29"]
[EventType "swiss"]
[EventCountry "MNC"]
[SourceTitle "playchess.com"]
[Source "ChessBase"]
[SourceQuality "1"]
[TimeControl "180+2"]

1. e4 c5 2. Nf3 d6 3. Bb5+ Nd7 4. Ba4 Ngf6 5. O-O a6 6. c4 e6 7. Nc3 Be7 8. d3 O-O 9. h3 Qc7 10. a3 b6 11. b4 Bb7 12. Bc2 cxb4 13. axb4 b5 14. Bg5 bxc4 15. d4 h6 16. Bh4 e5 17. d5 Rfe8 18. Qe2 Nf8 19. Bg3 Ng6 20. Nh2 Nd7 21. Ba4 Rec8 22. Qh5 Bg5 23. Rad1 Nf6 24. Qe2 a5 25. Rb1 Bf4 26. Ng4 axb4 27. Rxb4 Bxg3 28. Nxf6+ gxf6 29. Rxb7 Qxb7 30. fxg3 Qb4 31. Qc2 Kg7 32. h4 Rcb8 33. h5 Ne7 34. Rf2 Qc5 35. Kh2 Qe3 36. Rf3 Qg5 37. g4 Kh8 38. Nd1 Qxg4 39. Nf2 Qg5 40. Rg3 Qxh5+ 41. Rh3 Qg6 42. Bd7 Rg8 43. Ng4 Kg7 44. Qf2 Rh8 45. Nxe5 fxe5 46. Rg3 Rhd8 47. Bf5 Qg5 48. Rxg5+ hxg5 49. Qd2 f6 50. Qb4 Nxf5 51. exf5 g4 52. Qb7+ Kh6 53. Qf7 Kg5 54. Kg3 Rg8 55. Qc7 Rac8 56. Qxd6 c3 57. Qb6 c2 58. Qe3+ Kxf5 59. Qd3+ e4 60. Qf1+ Ke5 61. Qf4+ Kxd5 62. Qf5+ Kd4 63. Qxf6+ Kd3 64. Qd6+ Ke2 65. Qa6+ Kd1 66. Qd6+ Kc1 67. Kf2 Rgf8+ 68. Ke2 Kb2 69. Qb4+ Ka2 70. Qa4+ Kb2 71. Qb4+ Ka2 72. Qa4+ 1/2-1/2

[Event "EWIBCC 2019"]
[Site "Monte-Carlo"]
[Date "2019.11.29"]
[Round "10.8"]
[White "Belenkaya, Dina"]
[Black "Babiy, Olga"]
[Result "1-0"]
[ECO "B07"]
[WhiteElo "2302"]
[BlackElo "2249"]
[Annotator "NA"]
[PlyCount "101"]
[EventDate "2019.11.29"]
[EventType "swiss"]
[EventCountry "MNC"]
[SourceTitle "playchess.com"]
[Source "ChessBase"]
[SourceQuality "1"]
[TimeControl "180+2"]

1. e4 d6 2. d4 Nf6 3. Nc3 c6 4. f4 Qa5 5. Bd3 e5 6. dxe5 dxe5 7. f5 Nbd7 8. Nf3 Bc5 9. h3 b5 10. Nd2 Qb6 11. Qe2 Qc7 12. Nb3 Bb6 13. Be3 h5 14. g3 Bb7 15. a4 a6 16. O-O Rc8 17. Kh2 c5 18. axb5 c4 19. bxa6 Ba8 20. Nb5 Qc6 21. Bxc4 Nxe4 22. Bxb6 h4 23. Qxe4 hxg3+ 24. Kxg3 Qxb6 25. Bd5 Qxb5 26. Bxa8 Nf6 27. Qb7 Nh5+ 28. Kg2 Qe2+ 29. Kg1 Qe3+ 30. Rf2 O-O 31. Qf3 Qg5+ 32. Qg2 Qh6 33. Bb7 Rc4 34. a7 Nf4 35. Rxf4 exf4 36. a8=Q Rxa8 37. Rxa8+ Kh7 38. Be4 f3 39. f6+ Rxe4 40. Qxg7+ Qxg7+ 41. fxg7 Kxg7 42. c4 Re2 43. Nd4 f2+ 44. Kf1 Rxb2 45. c5 Rb4 46. Rd8 Rc4 47. c6 Kf6 48. Kxf2 Ke5 49. Ke3 Rc3+ 50. Kd2 Rxh3 51. c7 1-0

[Event "EWIBCC 2019"]
[Site "Monte-Carlo"]
[Date "2019.11.29"]
[Round "10.11"]
[White "Michna, Marta"]
[Black "Antova, Gabriela"]
[Result "1-0"]
[ECO "C00"]
[WhiteElo "2366"]
[BlackElo "2306"]
[Annotator "NA"]
[PlyCount "113"]
[EventDate "2019.11.29"]
[EventType "swiss"]
[EventCountry "MNC"]
[SourceTitle "playchess.com"]
[Source "ChessBase"]
[SourceQuality "1"]
[TimeControl "180+2"]

1. Nf3 d5 2. g3 Nf6 3. Bg2 e6 4. O-O Be7 5. d3 O-O 6. Nbd2 c5 7. e4 Nc6 8. c3 b5 9. Re1 Bb7 10. Qc2 Qc7 11. h3 Rfd8 12. Nf1 a6 13. Bf4 e5 14. Bg5 d4 15. cxd4 cxd4 16. Bxf6 Bxf6 17. Rac1 Rac8 18. a3 Qd7 19. Qb1 b4 20. N1d2 a5 21. Nc4 Ba6 22. Nb6 Qb7 23. Nxc8 Rxc8 24. Bf1 b3 25. h4 h6 26. Nd2 g5 27. Bh3 Rd8 28. h5 Kg7 29. Nc4 Kh8 30. Bg4 Qe7 31. Nb6 Qb7 32. Nd5 Be7 33. Kg2 Bd6 34. Rcd1 Bb5 35. Qc1 Qa6 36. Qd2 Ne7 37. Nxe7 Bxe7 38. Be2 Kg7 39. Rc1 g4 40. Qd1 Bg5 41. Rc5 f5 42. Rxe5 fxe4 43. Rxe4 Bc6 44. Bxg4 Bxe4+ 45. Rxe4 Qb7 46. Bf3 Qc7 47. Qxb3 Rf8 48. Qd5 Bf6 49. Rg4+ Kh8 50. Be4 Qb6 51. Qf5 Qa7 52. Qg6 Qg7 53. Qf5 Qa7 54. Qd5 Qb8 55. Qe6 Qc7 56. Rg6 Bg7 57. Rxh6+ 1-0

[Event "EWIBCC 2019"]
[Site "Monte-Carlo"]
[Date "2019.11.29"]
[Round "10.12"]
[White "Bodnaruk, Anastasia"]
[Black "Petrova, Irina"]
[Result "1-0"]
[ECO "B07"]
[WhiteElo "2412"]
[BlackElo "2109"]
[Annotator "NA"]
[PlyCount "51"]
[EventDate "2019.11.29"]
[EventType "swiss"]
[EventCountry "MNC"]
[SourceTitle "playchess.com"]
[Source "ChessBase"]
[SourceQuality "1"]
[TimeControl "180+2"]

1. e4 d6 2. d4 Nf6 3. Nc3 g6 4. Be3 a6 5. Qd2 Nbd7 6. f4 Ng4 7. Nf3 Nxe3 8. Qxe3 Bg7 9. e5 Nb6 10. O-O-O Be6 11. Ng5 Qc8 12. d5 Bg4 13. exd6 O-O 14. dxe7 Re8 15. Rd2 Qd7 16. d6 h6 17. Nf3 Bxf3 18. gxf3 Bxc3 19. Qxc3 cxd6 20. Bd3 Rac8 21. Qd4 Qc6 22. f5 Rxe7 23. fxg6 fxg6 24. Rg1 Rg7 25. Bxg6 Nd7 26. Bh7+ 1-0

[Event "EWIBCC 2019"]
[Site "Monte-Carlo"]
[Date "2019.11.29"]
[Round "10.13"]
[White "Berend, Elvira"]
[Black "Guichard, Pauline"]
[Result "1/2-1/2"]
[ECO "E05"]
[WhiteElo "2349"]
[BlackElo "2407"]
[Annotator "NA"]
[PlyCount "74"]
[EventDate "2019.11.29"]
[EventType "swiss"]
[EventCountry "MNC"]
[SourceTitle "playchess.com"]
[Source "ChessBase"]
[SourceQuality "1"]
[TimeControl "180+2"]

1. d4 Nf6 2. c4 e6 3. Nf3 d5 4. g3 Be7 5. Bg2 O-O 6. O-O dxc4 7. Qc2 a6 8. a4 Bd7 9. Qxc4 Bc6 10. Bg5 Nbd7 11. Nc3 h6 12. Bxf6 Nxf6 13. Rfe1 Ne4 14. Ne5 Bd5 15. Nxd5 exd5 16. Qb3 Rb8 17. e3 Bf6 18. Nd3 Re8 19. Qc2 c6 20. b4 Nd6 21. Nc5 h5 22. Rad1 h4 23. Bh3 Re7 24. Bg2 Qc8 25. e4 dxe4 26. Nxe4 Nxe4 27. Rxe4 Qf5 28. Qe2 Rbe8 29. Rxe7 Rxe7 30. Qf3 Qxf3 31. Bxf3 Rd7 32. d5 Be7 33. dxc6 Rxd1+ 34. Bxd1 bxc6 35. Bf3 Bxb4 36. Bxc6 hxg3 37. hxg3 a5 1/2-1/2

[Event "EWIBCC 2019"]
[Site "Monte-Carlo"]
[Date "2019.11.29"]
[Round "10.14"]
[White "Reizniece-Ozola, Dana"]
[Black "Rogule, Laura"]
[Result "1-0"]
[ECO "A22"]
[WhiteElo "2305"]
[BlackElo "2293"]
[Annotator "NA"]
[PlyCount "71"]
[EventDate "2019.11.29"]
[EventType "swiss"]
[EventCountry "MNC"]
[SourceTitle "playchess.com"]
[Source "ChessBase"]
[SourceQuality "1"]
[TimeControl "180+2"]

1. c4 e5 2. Nc3 Nf6 3. g3 d5 4. cxd5 Nxd5 5. Bg2 Nb6 6. e3 Nc6 7. Nge2 h5 8. h4 Be7 9. d4 exd4 10. exd4 Bg4 11. f3 Bf5 12. Bf4 Nb4 13. Ne4 N6d5 14. O-O Nc6 15. Bd2 O-O 16. Rc1 Ncb4 17. Qb3 a5 18. a3 a4 19. Qc4 Nc6 20. Rfd1 Re8 21. Nf4 Nxf4 22. Bxf4 Bxe4 23. fxe4 Bf6 24. e5 Be7 25. d5 Na5 26. Qxc7 Nb3 27. Qxd8 Rexd8 28. Rc7 Bc5+ 29. Kh2 b6 30. d6 Rac8 31. Rxc8 Rxc8 32. d7 Rd8 33. e6 Nd4 34. Bc7 Nxe6 35. Bxd8 Nxd8 36. Re1 1-0

[Event "EWIBCC 2019"]
[Site "Monte-Carlo"]
[Date "2019.11.29"]
[Round "10.15"]
[White "Salimova, Nurgyul"]
[Black "Benmesbah, Natacha"]
[Result "0-1"]
[ECO "D02"]
[WhiteElo "2370"]
[BlackElo "2265"]
[Annotator "NA"]
[PlyCount "106"]
[EventDate "2019.11.29"]
[EventType "swiss"]
[EventCountry "MNC"]
[SourceTitle "playchess.com"]
[Source "ChessBase"]
[SourceQuality "1"]
[TimeControl "180+2"]

1. b3 d5 2. Bb2 c5 3. Nf3 Nc6 4. g3 Nf6 5. Bg2 e6 6. O-O Be7 7. d4 O-O 8. Nbd2 Ne4 9. dxc5 Bxc5 10. c4 Nxd2 11. Nxd2 d4 12. a3 a5 13. Qc2 e5 14. Rad1 Qe7 15. Qc1 f5 16. Nf3 Kh8 17. Rfe1 Be6 18. Kh1 Rad8 19. e3 dxe3 20. fxe3 Bg8 21. Nh4 Rxd1 22. Rxd1 Qg5 23. Nf3 Qe7 24. Qc3 Re8 25. Nh4 Rf8 26. Bxc6 bxc6 27. Qxe5 Qxe5 28. Bxe5 Bxa3 29. Rd7 Rf7 30. Rxf7 Bxf7 31. Nxf5 Bf8 32. Bd6 Kg8 33. Bxf8 Kxf8 34. Nd4 c5 35. Nb5 Bg6 36. Nd6 Bc2 37. Kg1 Bxb3 38. Nb7 a4 39. Nxc5 Bc2 40. Na6 a3 41. Nb4 Bb3 42. c5 a2 43. Nxa2 Bxa2 44. Kf2 Bd5 45. Ke2 Be4 46. Kd2 Ke7 47. Kc3 Ke6 48. Kd4 Bc6 49. e4 g5 50. g4 Bb7 51. h3 Bc6 52. Kd3 Ke5 53. Ke3 Bxe4 {[%emt 0:00:35] Kd4+} 0-1

[Event "EWIBCC 2019"]
[Site "Monte-Carlo"]
[Date "2019.11.29"]
[Round "10.17"]
[White "Unuk, Laura"]
[Black "Muetsch, Annmarie"]
[Result "0-1"]
[ECO "E63"]
[WhiteElo "2298"]
[BlackElo "2240"]
[Annotator "NA"]
[PlyCount "122"]
[EventDate "2019.11.29"]
[EventType "swiss"]
[EventCountry "MNC"]
[SourceTitle "playchess.com"]
[Source "ChessBase"]
[SourceQuality "1"]
[TimeControl "180+2"]

1. d4 Nf6 2. c4 g6 3. Nf3 Bg7 4. g3 O-O 5. Bg2 d6 6. O-O Nc6 7. Nc3 a6 8. b3 Rb8 9. Bb2 Bd7 10. Nd5 e6 11. Nxf6+ Bxf6 12. e4 e5 13. d5 Ne7 14. Ne1 Bg7 15. f4 f5 16. fxe5 dxe5 17. Nd3 fxe4 18. Bxe4 Nf5 19. Qe2 Nd4 20. Qg2 Qg5 21. Rxf8+ Rxf8 22. Re1 Qh5 23. h4 Bg4 24. Bxd4 exd4 25. d6 c6 26. c5 Bh6 27. b4 Be3+ 28. Kh2 Be6 29. Rf1 Rxf1 30. Qxf1 Qg4 31. Ne5 Qxe4 32. d7 Qd5 33. Qf6 Bxd7 34. h5 Qxa2+ 35. Kh1 Qb1+ 36. Kg2 Qc2+ 37. Kf3 Qf5+ 38. Qxf5 Bxf5 39. hxg6 hxg6 40. g4 Bb1 41. Nc4 Kg7 42. Nd6 Kf6 43. Nxb7 Bd2 44. Nd8 Ba2 45. Nxc6 Bd5+ 46. Ke2 Bxc6 47. Kxd2 Ke5 48. Kd3 Bb5+ 49. Kd2 Kd5 50. g5 Kc4 51. c6 Bxc6 52. Kc2 Kxb4 53. Kd3 Kc5 54. Kd2 Kc4 55. Kc2 Be4+ 56. Kd2 d3 57. Ke3 Bf5 58. Kd2 Kd4 59. Kd1 Kc3 60. Kc1 Bg4 61. Kb1 d2 0-1

[Event "EWIBCC 2019"]
[Site "Monte-Carlo"]
[Date "2019.11.29"]
[Round "10.19"]
[White "Arakhamia-Grant, Ketevan"]
[Black "Berzina, Ilze"]
[Result "0-1"]
[ECO "B12"]
[WhiteElo "2376"]
[BlackElo "2211"]
[Annotator "NA"]
[PlyCount "144"]
[EventDate "2019.11.29"]
[EventType "swiss"]
[EventCountry "MNC"]
[SourceTitle "playchess.com"]
[Source "ChessBase"]
[SourceQuality "1"]
[TimeControl "180+2"]

1. e4 c6 2. d4 d5 3. e5 c5 4. dxc5 Nc6 5. a3 Nxe5 6. b4 Nf6 7. Bb2 Nc6 8. Nf3 Bg4 9. h3 Bh5 10. Be2 e6 11. Nbd2 Be7 12. Ne5 Bxe2 13. Qxe2 Nxe5 14. Qxe5 O-O 15. g4 Ne8 16. Qe2 Bf6 17. Be5 Bxe5 18. Qxe5 a5 19. O-O Nf6 20. f4 Nd7 21. Qd4 Nb8 22. b5 Nd7 23. a4 Rc8 24. Nb3 Qc7 25. b6 Qc6 26. Nxa5 Qxc5 27. Qxc5 Nxc5 28. Rfc1 Ra8 29. Nb3 Nxa4 30. c4 dxc4 31. Rxc4 Nxb6 32. Rxa8 Rxa8 33. Rb4 Nd5 34. Rxb7 Nxf4 35. Kh2 Ra2+ 36. Kg3 g5 37. h4 h6 38. h5 Kg7 39. Nc5 Ra3+ 40. Kf2 Nd3+ 41. Nxd3 Rxd3 42. Ra7 Kf6 43. Rb7 Ra3 44. Rc7 Ra6 45. Kf3 Ra4 46. Rb7 Rf4+ 47. Kg3 Ke5 48. Rb5+ Kd6 49. Ra5 Rf6 50. Rb5 e5 51. Rb6+ Ke7 52. Rb7+ Kf8 53. Ra7 Kg7 54. Re7 Re6 55. Rxe6 fxe6 56. Kf3 Kf6 57. Ke4 Ke7 58. Kxe5 Kf7 59. Kd4 Kf6 60. Ke4 Ke7 61. Ke5 Kd7 62. Kd4 Kd6 63. Ke4 Ke7 64. Ke5 Kf7 65. Kd4 Kf6 66. Ke4 Kf7 67. Ke5 Ke7 68. Ke4 Kd6 69. Kd4 e5+ 70. Ke4 Ke6 71. Ke3 Kd5 72. Kd3 e4+ {[%emt 0:00:14] Kd4+ Ke5+} 0-1

[Event "EWIBCC 2019"]
[Site "Monte-Carlo"]
[Date "2019.11.29"]
[Round "10.20"]
[White "Daulyte-Cornette, Deimante"]
[Black "Paasikangas-Tella, Johanna"]
[Result "1-0"]
[ECO "B23"]
[WhiteElo "2405"]
[BlackElo "2177"]
[Annotator "NA"]
[PlyCount "37"]
[EventDate "2019.11.29"]
[EventType "swiss"]
[EventCountry "MNC"]
[SourceTitle "playchess.com"]
[Source "ChessBase"]
[SourceQuality "1"]
[TimeControl "180+2"]

1. e4 c5 2. Nc3 d6 3. f4 g6 4. Nf3 Bg7 5. Bb5+ Nd7 6. O-O a6 7. Bc4 e6 8. a4 b6 9. f5 Ne5 10. Nxe5 dxe5 11. fxe6 Qd4+ 12. Kh1 Qxc4 13. exf7+ Kd8 14. f8=Q+ Bxf8 15. Rxf8+ Ke7 16. d3 Qd4 17. Qf1 Kd6 18. Nd5 c4 19. Be3 {[%emt 0:00:40] Kxd5} 1-0

[Event "EWIBCC 2019"]
[Site "Monte-Carlo"]
[Date "2019.11.29"]
[Round "11.1"]
[White "Kosteniuk, Alexandra"]
[Black "Gunina, Valentina"]
[Result "1-0"]
[ECO "B10"]
[WhiteElo "2483"]
[BlackElo "2509"]
[Annotator "ChessBase"]
[PlyCount "105"]
[EventDate "2019.11.29"]
[EventType "swiss"]
[EventCountry "MNC"]
[SourceTitle "playchess.com"]
[Source "ChessBase"]
[SourceQuality "1"]
[TimeControl "180+2"]

1. e4 c6 2. c4 d5 3. cxd5 cxd5 4. exd5 Nf6 5. Nc3 Nxd5 6. Nf3 Nc6 7. Bb5 g6 8. Qa4 Nb6 9. Qh4 Bg7 10. O-O O-O 11. Bxc6 bxc6 12. d4 f6 13. Qe4 Qd7 14. Re1 Re8 15. b3 Bb7 16. Qe2 a5 17. Ne4 Qd5 18. Nc5 Bc8 19. Ne6 Bxe6 20. Qxe6+ Qxe6 21. Rxe6 Rac8 22. Ba3 Kf7 23. Rae1 Nd5 24. Bc5 Bf8 25. g3 Nc3 26. a4 Nd5 27. Nd2 Rc7 28. Nc4 Ra8 29. h4 Ra6 30. Kg2 Rb7 31. Nd2 Nb4 32. Bxb4 Rxb4 33. Nf3 Rxb3 34. d5 Rbb6 35. dxc6 Rxc6 36. R6e4 Rab6 37. Nd4 Rd6 38. Nb5 Rd2 39. Rc4 Rb7 40. h5 Rbd7 41. hxg6+ hxg6 42. Rh1 Rb2 43. g4 g5 44. Nd4 Rb4 45. Rxb4 axb4 46. Nc6 b3 47. Rb1 Rc7 48. Nd8+ Ke8 49. Ne6 Rb7 50. a5 Bh6 51. a6 Ra7 52. Rxb3 Rxa6 53. Nc7+ 1-0

[Event "EWIBCC 2019"]
[Site "Monte-Carlo"]
[Date "2019.11.29"]
[Round "11.2"]
[White "Bulmaga, Irina"]
[Black "Sebag, Marie"]
[Result "0-1"]
[ECO "B22"]
[WhiteElo "2435"]
[BlackElo "2443"]
[Annotator "NA"]
[PlyCount "84"]
[EventDate "2019.11.29"]
[EventType "swiss"]
[EventCountry "MNC"]
[SourceTitle "playchess.com"]
[Source "ChessBase"]
[SourceQuality "1"]
[TimeControl "180+2"]

1. e4 c5 2. Be2 Nf6 3. d3 Nc6 4. f4 d6 5. Nf3 g6 6. O-O Bg7 7. c3 O-O 8. Kh1 Rb8 9. Be3 b5 10. a3 Bb7 11. Nbd2 e6 12. d4 cxd4 13. cxd4 a6 14. Bd3 Ne7 15. Qe2 d5 16. e5 Ne4 17. Bg1 Rc8 18. a4 bxa4 19. Rxa4 Qb6 20. Bxe4 dxe4 21. Nxe4 Qb5 22. Nc3 Rxc3 23. Qxb5 axb5 24. Ra7 Rc7 25. Rfa1 Rfc8 26. Nd2 Bd5 27. Rxc7 Rxc7 28. h3 Rc2 29. Nf3 Rxb2 30. Be3 h6 31. Ne1 Nf5 32. Bg1 b4 33. Kh2 b3 34. Rc1 Ra2 35. Rb1 Bf8 36. h4 Nxh4 37. Kh3 Nxg2 38. Nxg2 Bxg2+ 39. Kg3 Bd5 40. Be3 b2 41. Bd2 Ba3 42. Bc3 Be4 0-1

[Event "EWIBCC 2019"]
[Site "Monte-Carlo"]
[Date "2019.11.29"]
[Round "11.4"]
[White "Mkrtchian, Lilit"]
[Black "Muzychuk, Anna"]
[Result "0-1"]
[ECO "A10"]
[WhiteElo "2402"]
[BlackElo "2543"]
[Annotator "ChessBase"]
[PlyCount "60"]
[EventDate "2019.11.29"]
[EventType "swiss"]
[EventCountry "MNC"]
[SourceTitle "playchess.com"]
[Source "ChessBase"]
[SourceQuality "1"]
[TimeControl "180+2"]

1. c4 f5 2. g3 Nf6 3. Bg2 g6 4. b3 Bg7 5. Bb2 d6 6. d4 O-O 7. e3 c6 8. Ne2 Qc7 9. Nbc3 e5 10. Qc2 Na6 11. Ba3 Re8 12. O-O-O Bf8 13. Kb1 Qa5 14. Bb2 Ng4 15. Nc1 Rb8 16. h3 Nf6 17. f4 exd4 18. exd4 d5 19. c5 b6 20. cxb6 axb6 21. Rhe1 Ne4 22. Nxe4 fxe4 23. Qxc6 Nb4 24. Qxe8 Bf5 25. Qxb8 e3+ 26. Rd3 Bxd3+ 27. Nxd3 Qxa2+ 28. Kc1 Nxd3+ 29. Kc2 Nxe1+ 30. Kc3 Qa5+ 0-1

[Event "EWIBCC 2019"]
[Site "Monte-Carlo"]
[Date "2019.11.29"]
[Round "11.5"]
[White "Dzagnidze, Nana"]
[Black "Belenkaya, Dina"]
[Result "1-0"]
[ECO "A26"]
[WhiteElo "2502"]
[BlackElo "2302"]
[Annotator "ChessBase"]
[PlyCount "113"]
[EventDate "2019.11.29"]
[EventType "swiss"]
[EventCountry "MNC"]
[SourceTitle "playchess.com"]
[Source "ChessBase"]
[SourceQuality "1"]
[TimeControl "180+2"]

1. c4 e5 2. Nc3 Nc6 3. Nf3 g6 4. g3 Bg7 5. Bg2 d6 6. d3 Nge7 7. Rb1 O-O 8. b4 f5 9. Bd2 Be6 10. O-O Qd7 11. Ng5 Kh8 12. Nxe6 Qxe6 13. b5 Nd8 14. Nd5 Qd7 15. Bc3 Ne6 16. Nxe7 Qxe7 17. Bxb7 Rab8 18. Bg2 Nd4 19. e3 Ne6 20. f4 Rbd8 21. Bd5 Nc5 22. Qd2 Rfe8 23. Rbe1 e4 24. dxe4 Nxe4 25. Bxe4 Qxe4 26. Bxg7+ Kxg7 27. Qd4+ Kf7 28. Qxa7 Rd7 29. Qd4 Ra8 30. Rf2 Ra3 31. Qxe4 fxe4 32. Rc2 Ke6 33. Kf2 d5 34. cxd5+ Rxd5 35. Rec1 Rxb5 36. Rc6+ Kf5 37. R1c5+ Rxc5 38. Rxc5+ Ke6 39. Re5+ Kf6 40. Rxe4 Rxa2+ 41. Kf3 Rxh2 42. Rc4 h5 43. Rc6+ Kf7 44. Rxc7+ Kf6 45. e4 Rh1 46. e5+ Ke6 47. Rg7 Rf1+ 48. Kg2 Re1 49. Rxg6+ Kf5 50. Rg5+ Ke4 51. e6 Re2+ 52. Kf1 Kf3 53. Re5 Ra2 54. e7 Rh2 55. Ke1 Rh1+ 56. Kd2 Kxg3 57. e8=Q 1-0

[Event "EWIBCC 2019"]
[Site "Monte-Carlo"]
[Date "2019.11.29"]
[Round "11.6"]
[White "Muzychuk, Mariya"]
[Black "Michna, Marta"]
[Result "0-1"]
[ECO "C18"]
[WhiteElo "2552"]
[BlackElo "2366"]
[Annotator "RC"]
[PlyCount "86"]
[EventDate "2019.11.29"]
[EventType "swiss"]
[EventCountry "MNC"]
[SourceTitle "playchess.com"]
[Source "ChessBase"]
[SourceQuality "1"]
[TimeControl "180+2"]

1. e4 e6 2. d4 d5 3. Nc3 Bb4 4. e5 c5 5. a3 Bxc3+ 6. bxc3 Nc6 7. Qg4 g6 8. Nf3 Qa5 9. Bd2 c4 10. Be2 Qa4 11. Bd1 Bd7 12. Qf4 h6 13. h4 Rh7 14. h5 g5 15. Qg4 f5 16. Qg3 O-O-O 17. Bxg5 hxg5 18. Nxg5 Rg7 19. h6 Nxh6 20. Rxh6 Qa5 21. Kf1 f4 22. Qxf4 Qxc3 23. Rb1 Qxd4 24. Qxd4 Nxd4 25. Nf3 Nf5 26. Rf6 d4 27. Be2 b5 28. a4 a6 29. axb5 axb5 30. Rd1 Bc6 31. Rxe6 Be4 32. Rc1 Kc7 33. Rf6 Rh8 34. g3 Rh1+ 35. Ng1 Rgh7 36. Bg4 Rxg1+ 37. Ke2 Rxc1 38. Bxf5 Bxf5 39. Rxf5 Rxc2+ 40. Kf3 b4 41. e6 Kd6 42. Rb5 Kxe6 43. Rxb4 Kd5 0-1

[Event "EWIBCC 2019"]
[Site "Monte-Carlo"]
[Date "2019.11.29"]
[Round "11.7"]
[White "Paehtz, Elisabeth"]
[Black "Reizniece-Ozola, Dana"]
[Result "1-0"]
[ECO "A48"]
[WhiteElo "2484"]
[BlackElo "2305"]
[Annotator "RC"]
[PlyCount "80"]
[EventDate "2019.11.29"]
[EventType "swiss"]
[EventCountry "MNC"]
[SourceTitle "playchess.com"]
[Source "ChessBase"]
[SourceQuality "1"]
[TimeControl "180+2"]

1. d4 Nf6 2. Nf3 g6 3. Bg5 Bg7 4. Nbd2 d6 5. c3 O-O 6. e3 b6 7. Bc4 Bb7 8. a4 a6 9. O-O Nbd7 10. Re1 h6 11. Bh4 e5 12. dxe5 dxe5 13. e4 Qe7 14. Bf1 g5 15. Bg3 Nh5 16. Nc4 Nxg3 17. hxg3 Nc5 18. Nfd2 Rad8 19. Qc2 a5 20. Ne3 Rd7 21. Nf5 Qf6 22. g4 Rfd8 23. Nc4 Qc6 24. f3 Kf8 25. Nce3 Qf6 26. Rad1 Ne6 27. Bb5 c6 28. Bf1 Nf4 29. Rxd7 Rxd7 30. Rd1 Qd8 31. Rxd7 Qxd7 32. Nc4 Qc7 33. Qd2 b5 34. Qd6+ Qxd6 35. Ncxd6 Ba6 36. axb5 cxb5 37. Nxb5 Bf6 38. g3 Ne6 39. Nbd6 Bxf1 40. Kxf1 Be7 1-0

[Event "EWIBCC 2019"]
[Site "Monte-Carlo"]
[Date "2019.11.29"]
[Round "11.8"]
[White "Osmak, Iulija"]
[Black "Bodnaruk, Anastasia"]
[Result "0-1"]
[ECO "A00"]
[WhiteElo "2401"]
[BlackElo "2412"]
[Annotator "ChessBase"]
[PlyCount "136"]
[EventDate "2019.11.29"]
[EventType "swiss"]
[EventCountry "MNC"]
[SourceTitle "playchess.com"]
[Source "ChessBase"]
[SourceQuality "1"]
[TimeControl "180+2"]

1. b4 e5 2. Bb2 Bxb4 3. Bxe5 Nf6 4. e3 O-O 5. Nf3 d5 6. Be2 Re8 7. O-O Bd6 8. Bb2 c5 9. d3 Nc6 10. Nbd2 b6 11. c4 dxc4 12. Nxc4 Bc7 13. a4 Be6 14. Qc2 Nd5 15. Rad1 Qe7 16. d4 Ndb4 17. Qc3 Nd5 18. Qc2 Ncb4 19. Qb1 Rac8 20. dxc5 bxc5 21. Nfd2 Qh4 22. g3 Qh6 23. Bf3 Bh3 24. Rfe1 Nf6 25. Nb3 Bb8 26. Nd6 Bxd6 27. Rxd6 Re6 28. Rxe6 Bxe6 29. Nxc5 Rxc5 30. Bxf6 Nc2 31. Rc1 Qxf6 32. Be4 g6 33. Rxc2 Re5 34. Rd2 Kg7 35. Bg2 Ra5 36. Rd4 Qe5 37. Qd1 Qc5 38. Qd2 Ra6 39. Qb4 Qc1+ 40. Bf1 Rb6 41. Qd2 Qa1 42. Kg2 Rb1 43. Be2 Rg1+ 44. Kf3 h5 45. Rf4 Bg4+ 46. Ke4 Qxa4+ 47. Ke5 Qe8+ 48. Kd4 Qd7+ 49. Kc3 Qc7+ 50. Rc4 Qa5+ 51. Kd3 Qd5+ 52. Rd4 Bf5+ 53. Kc3 Qc5+ 54. Rc4 Qa3+ 55. Kd4 Qd6+ 56. Kc3 Qa3+ 57. Kd4 f6 58. Rc7+ Kh8 59. Rc5 Qa1+ 60. Qc3 Qb1 61. Rc7 Qb6+ 62. Qc5 Qb2+ 63. Kd5 Qb3+ 64. Bc4 Rd1+ 65. Kc6 Qa4+ 66. Bb5 Be4+ 67. Qd5 Bxd5+ 68. Kc5 Qa3# {[%emt 0:00:08] Kd4} 0-1

[Event "EWIBCC 2019"]
[Site "Monte-Carlo"]
[Date "2019.11.29"]
[Round "11.9"]
[White "Savina, Anastasia"]
[Black "Buksa, Nataliya"]
[Result "1-0"]
[ECO "D35"]
[WhiteElo "2354"]
[BlackElo "2410"]
[Annotator "NA"]
[PlyCount "69"]
[EventDate "2019.11.29"]
[EventType "swiss"]
[EventCountry "MNC"]
[SourceTitle "playchess.com"]
[Source "ChessBase"]
[SourceQuality "1"]
[TimeControl "180+2"]

1. d4 d5 2. c4 e6 3. Nc3 Nf6 4. cxd5 exd5 5. Bg5 c6 6. e3 Nbd7 7. Bd3 h6 8. Bf4 Be7 9. h3 g5 10. Bg3 Nb6 11. Nf3 Be6 12. Qc2 Qc8 13. Ne5 Nh5 14. Bh2 Bf6 15. O-O-O Ng7 16. g4 Qd8 17. Kb1 Qe7 18. Rc1 h5 19. f3 hxg4 20. hxg4 Nd7 21. f4 Bxg4 22. Nxg4 gxf4 23. Bxf4 Rxh1 24. Rxh1 Ne6 25. Nxf6+ Qxf6 26. Bf5 Nxf4 27. exf4 Qxd4 28. Qe2+ Kd8 29. Bxd7 Kxd7 30. Qg4+ Kc7 31. Qf5 f6 32. Qe6 b5 33. Nxb5+ Kb6 34. Nxd4 Rd8 35. Qxc6+ 1-0

[Event "EWIBCC 2019"]
[Site "Monte-Carlo"]
[Date "2019.11.29"]
[Round "11.10"]
[White "Guichard, Pauline"]
[Black "Zhukova, Natalia"]
[Result "0-1"]
[ECO "A13"]
[WhiteElo "2407"]
[BlackElo "2323"]
[Annotator "NA"]
[PlyCount "88"]
[EventDate "2019.11.29"]
[EventType "swiss"]
[EventCountry "MNC"]
[SourceTitle "playchess.com"]
[Source "ChessBase"]
[SourceQuality "1"]
[TimeControl "180+2"]

1. Nf3 d5 2. c4 e6 3. g3 Nf6 4. Bg2 d4 5. d3 c5 6. e4 Nc6 7. e5 Nd7 8. Qe2 Qc7 9. Bf4 h6 10. h4 Be7 11. Nbd2 b6 12. a3 Bb7 13. g4 O-O-O 14. Bg3 h5 15. g5 Nf8 16. O-O-O Ng6 17. Rhe1 Kb8 18. Kb1 Ka8 19. Ka2 a6 20. Rc1 Ka7 21. Bh1 Rd7 22. Nb3 Qb8 23. Rc2 Bd8 24. Qd1 Bc7 25. Rce2 Qa8 26. Nfd2 Nce7 27. Bxb7 Qxb7 28. Ne4 Nf5 29. Nbxc5 bxc5 30. Nxc5 Qc6 31. Nxd7 Qxd7 32. Rh1 Nxg3 33. fxg3 Nxe5 34. Rf1 Ng4 35. Qd2 Bxg3 36. Qa5 Bc7 37. Qc5+ Bb6 38. Qb4 Rb8 39. c5 Bc7 40. Qc4 Ne3 41. Rxe3 dxe3 42. d4 Qd5 43. Qxd5 exd5 44. Kb1 Bg3 0-1

[Event "EWIBCC 2019"]
[Site "Monte-Carlo"]
[Date "2019.11.29"]
[Round "11.11"]
[White "Gaponenko, Inna"]
[Black "Dornbusch, Tatiana"]
[Result "1/2-1/2"]
[ECO "B02"]
[WhiteElo "2427"]
[BlackElo "2269"]
[Annotator "NA"]
[PlyCount "77"]
[EventDate "2019.11.29"]
[EventType "swiss"]
[EventCountry "MNC"]
[SourceTitle "playchess.com"]
[Source "ChessBase"]
[SourceQuality "1"]
[TimeControl "180+2"]

1. e4 Nf6 2. e5 Nd5 3. c4 Nb6 4. c5 Nd5 5. d4 d6 6. cxd6 exd6 7. Nf3 dxe5 8. dxe5 Bb4+ 9. Bd2 O-O 10. Bc4 Bxd2+ 11. Nbxd2 Nf4 12. O-O Nc6 13. Qc2 Be6 14. Qe4 Bxc4 15. Nxc4 Ne6 16. Rad1 Qe7 17. a3 a5 18. Qd5 Rfd8 19. Qb5 Qc5 20. Qxc5 Nxc5 21. g3 a4 22. Kg2 b5 23. Ne3 Nd3 24. Nf5 Ncxe5 25. Nxe5 Nxe5 26. Rc1 Nc4 27. Rc2 g6 28. Nh4 Rd2 29. Rxd2 Nxd2 30. Rc1 Nc4 31. Rc2 Rd8 32. Nf3 c5 33. Kf1 Kf8 34. Ke2 h5 35. h4 Re8+ 36. Kd3 Rd8+ 37. Ke2 Re8+ 38. Kd3 Rd8+ 39. Ke4 1/2-1/2